 Dungeon Crawl Stone Soup version 0.26-a0-307-g4e7fcc93f0 (webtiles) character file.

Game seed: 15138991895155923982

245 ANON1729 the Conjurer (level 5, -2/38 HPs)
             Began as a Draconian Conjurer on July 15, 2020.
             Slain by an ogre
             ... wielding a +0 giant club
              (23 damage)
             ... on level 5 of the Dungeon.
             The game lasted 00:07:09 (5341 turns).

ANON1729 the Conjurer (Draconian Conjurer)          Turns: 5341, Time: 00:07:09

Health: -2/38      AC:  6    Str:  9    XL:     5   Next: 83%
Magic:  10/10      EV: 12    Int: 20    God:
Gold:   309        SH:  0    Dex:  9    Spells: 8/11 levels left

rFire    . . .     SeeInvis .   o - +2 war axe (elec)
rCold    . . .     Faith    .   (no shield)
rNeg     . . .     Spirit   .   (armour unavailable)
rPois    .         Reflect  .   (helmet restricted)
rElec    .         Harm     .   (no cloak)
rCorr    .                      (no gloves)
MR       .....                  i - +0 pair of boots (curse)
Stlth    ++........             (no amulet)
HPRegen  0.12/turn              (no ring)
MPRegen  0.12/turn              (no ring)

@: no status effects
A: unfitting armour, cold-blooded, AC +5
a: no special abilities


You were on level 5 of the Dungeon.
You visited 1 branch of the dungeon, and saw 5 of its levels.

You collected 309 gold pieces.

Inventory:

Hand Weapons
 o - a +2 war axe of electrocution (weapon)
Armour
 i - a cursed +0 pair of boots (worn)
Jewellery
 c - an uncursed amulet of guardian spirit
Wands
 p - a wand of enslavement (8)
Scrolls
 a - 2 scrolls of remove curse {unknown}
 e - 9 scrolls of identify {unknown}
 g - a scroll of magic mapping {unknown}
 h - 3 scrolls of amnesia {unknown}
 j - 3 scrolls of teleportation {unknown}
 m - a scroll of blinking {unknown}
 q - a scroll of random uselessness {unknown}
 s - a scroll of fear {unknown}
 t - a scroll of enchant weapon {unknown}
Potions
 b - a potion of haste {unknown}
 d - a potion of degeneration {unknown}
 f - 2 potions of ambrosia {unknown}
 k - 5 potions of heal wounds {unknown}
 l - a potion of stabbing {unknown}
 n - a potion of berserk rage
 r - a potion of might {unknown}


   Skills:
 + Level 2.8 Dodging
 + Level 3.0 Stealth
 * Level 3.6 Spellcasting
 * Level 5.1 Conjurations


You had 8 spell levels left.
You knew the following spells:

 Your Spells              Type           Power        Failure   Level
a - Magic Dart            Conj           ###.         1%          1
b - Searing Ray           Conj           ###...       2%          2

Your spell library contained the following spells:

 Spells                   Type           Power        Failure   Level
 Corona                   Hex            #......      14%         1
 Dazzling Flash           Conj/Hex       ##....       14%         3
 Ensorcelled Hibernation  Hex/Ice        #.....       21%         2
 Confusing Touch          Hex            #.......     38%         3
 Gell's Gravitas          Tloc           #.........   38%         3
 Tukima's Dance           Hex            #.......     38%         3
 Fulminant Prism          Conj/Hex       ##........   43%         4
 Iskenderun's Mystic Bla  Conj/Tloc      ##......     43%         4
 Petrify                  Tmut/Erth      #.......     80%         4
 Metabolic Englaciation   Hex/Ice        #.........   98%         5
 Yara's Violent Unravell  Hex/Tmut       #.........   98%         5


Dungeon Overview and Level Annotations

Branches:
Dungeon (5/15)
 Temple: D:4-7

Altars:
Okawaru
Trog


Innate Abilities, Weirdness & Mutations

Your plain brown scales are hard. (AC +5)
You cannot fit into any form of body armour.
You are cold-blooded and may be slowed by cold attacks.


Message History

A jackal is nearby!
A jackal is nearby!
A jackal comes into view.
Found 18 stones.
The jackal barks! x2
You slash the jackal! Lightning courses through the jackal!
You kill the jackal!
The jackal bites you but does no damage.
You closely miss the jackal.
The jackal bites you but does no damage. x2
An ogre comes into view. It is wielding a +0 giant club.
The ogre shouts!
You hit the jackal. Lightning courses through the jackal!
You kill the jackal!
You barely miss the ogre. The ogre hits you with a +0 giant club!
You slash the ogre!
The ogre is moderately wounded.
The ogre hits you with a +0 giant club!!
Ouch! That really hurt!
You die...

#<# #.# #.# #.#
#.# ## #.# ..# #.#
##...##
#####.###.......
#.......@†......
....#.#..##O......
## #.#... .....##
# ####.##(..# .#
#..# # .... .## #


You could see an ogre.

Vanquished Creatures
  A hound (D:4)
  Ijyb (D:4)
  2 worker ants (D:4)
  2 gnolls (D:4)
  An adder (D:2)
  An ooze (D:2)
  3 worms (D:3)
  3 dart slugs
  A leopard gecko (D:1)
  5 orcs
  6 bats
  3 giant cockroaches
  11 goblins
  9 hobgoblins
  9 jackals
  6 kobolds
  3 quokkas
  A ball python (D:4)
  8 frilled lizards
  A quokka skeleton (D:4)
  9 rats
86 creatures vanquished.

Notes
Turn   | Place    | Note
-------+----------+-------------------------------------------
     0 | D:1      | ANON1729 the Draconian Conjurer began the quest for the
                  | Orb.
     0 | D:1      | Reached XP level 1. HP: 14/14 MP: 3/3
   164 | D:1      | Reached XP level 2. HP: 15/20 MP: 0/5
   564 | D:1      | Learned a level 2 spell: Searing Ray
   720 | D:1      | Reached XP level 3. HP: 26/26 MP: 4/6
  2319 | D:2      | Reached XP level 4. HP: 33/33 MP: 3/8
  3927 | D:4      | Noticed Ijyb
  3942 | D:4      | Killed Ijyb
  3942 | D:4      | Reached XP level 5. HP: 36/38 MP: 0/9
  4219 | D:4      | Found an iron altar of Okawaru.
  4220 | D:4      | Found a bloodstained altar of Trog.
  4599 | D:4      | Reached skill level 5 in Conjurations
  5325 | D:5      | Entered Level 5 of the Dungeon
  5338 | D:5      | Noticed an ogre
  5341 | D:5      | Slain by an ogre

Illustrated notes

Levels and vault maps discovered:
D:1:      dpeg_arrival_long_road, layout_rooms, st_stairs_11
D:2:      minmay_wonky_spiral, layout_loops_ring
D:3:      layout_basic, minmay_quadrilaterals
D:4:      layout_rooms, grunt_temple_overflow_bloody_war,
          minmay_fractal_squares_gapless_5, uniq_ijyb
D:5:      layout_loops_corners, makhleb_altar_promises_db, kennysheep_mini,
          temple_pool_b, basic_altar, uniq_eustachio, uniq_pikel

Skill      XL: |  1  2  3  4  5 |
---------------+----------------+-----
Stealth        | 2 3 |  3.0
Dodging        | 2 |  2.8
Spellcasting   | 3 |  3.6
Conjurations   | 5 |  5.1

Action                   |  1- 3 |  4- 6 || total
-------------------------+-------+-------++-------
Melee: Unarmed           |    57 |     6 ||    63
       Tailslap          |     8 |     4 ||    12
       War axe           |       |    29 ||    29
 Cast: Magic Dart        |   104 |    51 ||   155
       Searing Ray       |       |     5 ||     5
Evoke: Wand              |       |     1 ||     1
Armor: Skin              |    29 |    14 ||    43
Dodge: Dodged            |    60 |    25 ||    85

Table legend:
 A = Non-vault XP
 B = Vault XP
 C = Vault XP percentage of total XP
 D = Non-vault monster count
 E = Vault monster count
 F = Vault count percentage of total count
                 A         B        C        D         E       F
            +---------+---------+-------+---------+---------+-------
      Total |     225 |     125 |  35.7 |      71 |      15 |  17.4
            +---------+---------+-------+---------+---------+-------
        D:1 |      47 |       6 |  11.3 |      25 |       4 |  13.8
        D:2 |      51 |       5 |   8.9 |      22 |       3 |  12.0
        D:3 |      30 |      10 |  25.0 |      13 |       4 |  23.5
        D:4 |      93 |     104 |  52.8 |       9 |       4 |  30.8
        D:5 |       4 |       0 |   0.0 |       2 |       0 |   0.0
            +---------+---------+-------+---------+---------+-------
